 Dungeon Crawl Stone Soup version 0.27-a0-1200-g94dc6ad4cf (webtiles) character file.

Game seed: 4000620163587528008

263 porpoise the Conjurer (level 6, -2/36 HPs)
             Began as an Octopode Conjurer on June 1, 2021.
             Slain by Pikel
             ... wielding a +0 whip of flaming
              (4 damage)
             ... on level 4 of the Dungeon.
             The game lasted 00:15:59 (4031 turns).

porpoise the Conjurer (Octopode Conjurer)           Turns: 4031, Time: 00:16:00

Health: -2/36      AC:  1    Str:  6    XL:     6   Next: 19%
Magic:  0/11       EV: 13    Int: 23    God:
Gold:   198        SH:  5    Dex: 10    Spells: 9/12 levels left

rFire    . . .     SeeInvis .   a - +0 rapier
rCold    . . .     Faith    .   (no shield)
rNeg     . . .     Spirit   .   (helmet restricted)
rPois    .         Reflect  +   d - amulet of reflection
rElec    .         Harm     .   (no ring)
rCorr    .         Rampage  .   (no ring)
Will     .....                  (no ring)
Stlth    +++.......             (no ring)
HPRegen  0.12/turn              (no ring)
MPRegen  0.12/turn              (no ring)
                                (no ring)
                                (no ring)

@: no status effects
A: almost no armour, amphibious, 8 rings, camouflage 1, gelatinous body 1,
(nimble swimmer 1), tentacles
a: no special abilities


You were on level 4 of the Dungeon.
You visited 1 branch of the dungeon, and saw 4 of its levels.

You collected 198 gold pieces.

Inventory:

Hand Weapons
 a - a +0 rapier (weapon)
 b - a +0 hunting sling
Missiles
 c - 130 stones
 g - 34 sling bullets
 j - 13 poisoned darts (quivered)
 p - 8 curare-tipped darts
Magical Staves
 k - a staff of death
 n - a staff of earth
Jewellery
 d - an amulet of reflection (around mantle)
Wands
 v - a wand of flame (25)
 x - a wand of iceblast (6)
Scrolls
 i - a scroll of blinking {unknown}
 m - a scroll of torment {unknown}
 r - 3 scrolls of amnesia {unknown}
 s - a scroll of enchant weapon {unknown}
 t - a scroll of holy word {unknown}
 w - a scroll of identify {unknown}
Potions
 e - a potion of resistance {unknown}
 f - 2 potions of curing {unknown}
 h - a potion of mutation {unknown}
 l - 2 potions of degeneration {unknown}
 o - a potion of attraction {unknown}
 q - a potion of lignification {unknown}
Miscellaneous
 u - a piece from Xom's chessboard (15/15)


   Skills:
 - Level 2.0 Dodging
 + Level 4.7 Stealth
 * Level 3.9 Spellcasting
 * Level 5.5 Conjurations


You had 9 spell levels left.
You knew the following spells:

 Your Spells              Type           Power      Damage    Failure   Level
a - Magic Dart            Conj           100%       1d8       1%          1
b - Searing Ray           Conj           58%        3d5       1%          2

Your spell library contained the following spells:

 Spells                   Type           Power      Damage    Failure   Level
 Dazzling Flash           Conj/Hex       34%        N/A       10%         3
 Summon Small Mammal      Summ           16%        N/A       11%         1
 Call Imp                 Summ           4%         N/A       16%         2
 Call Canine Familiar     Summ           4%         N/A       32%         3
 Summon Guardian Golem    Hex/Summ       4%         N/A       32%         3
 Fulminant Prism          Conj/Hex       8%         3d7       32%         4
 Iskenderun's Mystic Bla  Conj/Tloc      17%        2d5       32%         4
 Summon Ice Beast         Ice/Summ       4%         N/A       71%         4
 Summon Lightning Spire   Summ/Air       4%         N/A       71%         4


Dungeon Overview and Level Annotations

Branches:
Dungeon (4/15)
 Temple: D:4-7

Altars:
Nemelex Xobeh
Wu Jian
Xom
Yredelemnul

Annotations:
D:4 Pikel


Innate Abilities, Weirdness & Mutations

You cannot wear most types of armour.
You are amphibious.
You can wear up to eight rings at the same time.
Your skin changes colour to match your surroundings (Stealth+).
Your rubbery body absorbs attacks. (AC +1, EV +1)
((You are camouflaged near water. (Stealth+)))
You have tentacles for arms and can constrict up to eight enemies at once.


Message History

Pikel is severely wounded.
The searing ray hits the lemure.
The lemure is almost dead.
The searing ray hits the lemure.
The lemure is moderately wounded.
You finish channeling your searing ray.
Pikel hits you with a +0 whip of flaming!
* * * LOW HITPOINT WARNING * * *
Pikel burns you.
* * * LOW HITPOINT WARNING * * *
Casting: Searing Ray (safe; 1% risk of failure)
Confirm with . or Enter, or press ? or * to list all spells.
Aiming: Searing Ray (safe; 1% risk of failure)
Press: ? - help, Shift-Dir - straight line, f - Pikel
Aim: Pikel, wielding a +0 whip of flaming and wearing a +0 robe (severely wounded, 74% to hit)
The searing ray hits Pikel!
Pikel is almost dead.
The searing ray hits the lemure!
You kill the lemure!
That felt strangely unrewarding.
The searing ray hits the lemure.
The lemure is heavily wounded. (Press . to maintain the ray.) Pikel barely misses you.
Without enough magic to sustain it, your searing ray dissipates.
Pikel closely misses you.
a - a +0 rapier (weapon)
You closely miss Pikel. Your grab misses Pikel.
Pikel is almost dead.
Pikel misses you.
You completely miss Pikel. Your grab misses Pikel.
Pikel is almost dead.
Pikel barely misses you.
You hit Pikel but do no damage. You grab Pikel.
Pikel is almost dead.
You constrict Pikel, but do no damage. Pikel barely misses you. x2
You hit Pikel. You squeeze Pikel, but do no damage.
Pikel is almost dead.
You constrict Pikel, but do no damage.
Pikel hits you with a +0 whip of flaming.
You die...

#..##...........###..####
##.##.#######.#.##...#
#.##..## ##..#.##._.#
#.###..###...<.##...# #.#
##.##..#####...##
#.####.....# #.###
#...##.....# ###.# #
###†##....####...## #
#.##....@K55..(.## #
#......#####.##..########
#...##.##....###.........
#...##.##.#### #.....#.##
#...#..##.# #..K......
##.....###.# #......###
##....#####.# #......#
#.....####..# #....5##
#.....##...#######.....###


You could see Pikel and 2 lemures.

Vanquished Creatures
  2 lemures (D:4)
  2 jellies (D:3)
  Jessica (D:3)
  Natasha (twice) (D:2)
  4 adders
  5 dart slugs
  4 ball pythons
  11 bats
  4 endoplasms
  4 giant cockroaches
  5 goblins
  2 hobgoblins
  20 jackals
  7 kobolds
  2 quokkas
  7 frilled lizards
  2 rats
  A butterfly (D:4)
85 creatures vanquished.

Notes
Turn   | Place    | Note
-------+----------+-------------------------------------------
     0 | D:1      | porpoise the Octopode Conjurer began the quest for the Orb.
     0 | D:1      | Reached XP level 1. HP: 11/11 MP: 3/3
   105 | D:1      | Reached XP level 2. HP: 17/17 MP: 0/5
   161 | D:1      | Learned a level 2 spell: Searing Ray
   605 | D:1      | Reached XP level 3. HP: 21/21 MP: 2/6
  1621 | D:2      | Noticed Natasha
  1631 | D:2      | Killed Natasha
  1632 | D:2      | Reached XP level 4. HP: 27/27 MP: 0/8
  2205 | D:2      | Noticed Natasha
  2207 | D:2      | Killed Natasha
  2208 | D:2      | Reached XP level 5. HP: 31/31 MP: 5/9
  2268 | D:2      | Reached skill level 5 in Conjurations
  2581 | D:3      | Found a faded altar of an unknown god.
  2924 | D:3      | Noticed Jessica
  2928 | D:3      | Killed Jessica
  2929 | D:3      | Reached XP level 6. HP: 36/36 MP: 7/11
  3053 | D:3      | Found an ornate altar of the Wu Jian Council.
  3053 | D:3      | Found a basalt altar of Yredelemnul.
  3053 | D:3      | Found a sparkling altar of Nemelex Xobeh.
  3428 | D:4      | Found a shimmering altar of Xom.
  4002 | D:4      | Noticed Pikel
  4031 | D:4      | Slain by Pikel

Illustrated notes

Levels and vault maps discovered:
D:1:      doesnt_arrival_eight_statues, layout_rooms,
          wander_ebering_terrifying_dragon_lair
D:2:      layout_loops_ring, uniq_natasha
D:3:      layout_basic, gammafunk_temple_overflow_forgotten,
          hellmonk_ecumenical_altar_pennies_from_heaven, minmay_checkerbox,
          uniq_jessica
D:4:      layout_rooms, xom_butterflies, uniq_pikel

Skill      XL: |  1  2  3  4  5 |
---------------+----------------+-----
Stealth        | 3 4 |  4.7
Spellcasting   | 3 |  3.9
Conjurations   | 5 |  5.5
Dodging        | |  2.0

Action                   |  1- 3 |  4- 6 || total
-------------------------+-------+-------++-------
Melee: Unarmed           |     2 |       ||     2
       Constrict         |     4 |     2 ||     6
       Short sword       |     6 |       ||     6
       Rapier            |     5 |     6 ||    11
       Tentacles         |     1 |     1 ||     2
       Dagger            |     1 |       ||     1
 Fire: Hunting sling     |       |    18 ||    18
Throw: Dart              |     4 |       ||     4
 Cast: Magic Dart        |    40 |    24 ||    64
       Searing Ray       |     8 |    21 ||    29
Armor: Skin              |     1 |     1 ||     2
Dodge: Dodged            |    13 |    10 ||    23
Block: Other             |     5 |     1 ||     6

Table legend: (Time is in decaauts)
 A = Elapsed time spent in this place.
 B = Non-inter-level travel time spent in this place.
 C = Inter-level travel time spent in this place.
 D = Time resting spent in this place.
 E = Time spent auto-exploring this place.
 F = Levels seen in this place.
 G = Mean time per level.
                   A        B        C        D        E       F      G
               +--------+--------+--------+--------+--------+-----+--------+
         Total |   4033 |   3963 |     70 |   1580 |   1880 |   4 | 1008.2 |
       Dungeon |   4033 |   3963 |     70 |   1580 |   1880 |   4 | 1008.2 |
               +--------+--------+--------+--------+--------+-----+--------+

Top non-repeatable levels by time:
     D:2: 1181 daAuts
     D:1: 1165 daAuts
     D:3: 1003 daAuts
     D:4: 683 daAuts
